PAAA
BAKERSFIELD NOBLES @ PHOENIX HOTSPUR RESERVES
07/14/2031
 
TOP OF THE 1ST
Bakersfield Nobles batting - Pitching for Phoenix Hotspur Reserves : RHP Jorge Cruzan
Pitching: RHP Jorge Cruzan
Batting: SHB Serious Lee 0-0: Ball
1-0: Ball
2-0: DOUBLE (Flyball, 78XD)
Batting: LHB Ramón Félix 0-0: Called Strike
Serious Lee steals 3rd base
0-1: Called Strike
0-2: Ball
1-2: Fly out, F7 (Line Drive, 7)
Runner from 3rd tags up, OUT at HOME
Batting: RHB Omer Yurtseven 0-0: Called Strike
0-1: Ball
1-1: Ground out 6-3 (Groundball, 6)
Top of the 1st over - 0 runs, 1 hit, 0 errors, 0 left on base; Bakersfield 0 - Phoenix 0
BOTTOM OF THE 1ST
Phoenix Hotspur Reserves batting - Pitching for Bakersfield Nobles : RHP Victor Lustig
Pitching: RHP Victor Lustig
Batting: LHB Jason DeGeorge 0-0: Called Strike
0-1: Ball
1-1: Called Strike
1-2: Foul Ball, location: 2F
1-2: Ball
2-2: Fly out, F9 (Flyball, 89D)
Batting: RHB Dale Everest 0-0: Bunted foul
0-1: Ball
1-1: Foul Ball, location: 2F
1-2: Ground out 6-3 (Groundball, 6)
Batting: RHB Alex Niemann 0-0: Foul Ball, location: 2F
0-1: Ball
1-1: Ball
2-1: Foul Ball, location: 2F
2-2: Foul Ball, location: 2F
2-2: Fly out, F8 (Flyball, 8RM)
Bottom of the 1st over - 0 runs, 0 hits, 0 errors, 0 left on base; Bakersfield 0 - Phoenix 0
TOP OF THE 2ND
Bakersfield Nobles batting - Pitching for Phoenix Hotspur Reserves : RHP Jorge Cruzan
Batting: RHB Robert O'Connor 0-0: Swinging Strike
0-1: Ball
1-1: Ball
2-1: Ball
3-1: SINGLE (Line Drive, 56D)
Batting: RHB Yosuke Hayashi 0-0: Called Strike
0-1: Ball
1-1: Called Strike
1-2: Foul Ball, location: 2F
1-2: Ball
2-2: Ball
3-2: Foul Ball, location: 2F
3-2: Foul Ball, location: 2F
3-2: Base on Balls
Robert O'Connor to second
Batting: RHB Juan Tellado 0-0: Called Strike
0-1: Ball
Wild Pitch!
Robert O'Connor to third
Yosuke Hayashi to second
1-1: Ground out 6-3 (Groundball, 56D)
Robert O'Connor scores
Batting: RHB Mario Blanco 0-0: Called Strike
0-1: Fly out, F4 (Popup, 34S)
Batting: RHB Won-min Yi 0-0: Ball
Wild Pitch!
Yosuke Hayashi to third
1-0: Fly out, F8 (Flyball, 8LM)
Top of the 2nd over - 1 run, 1 hit, 0 errors, 1 left on base; Bakersfield 1 - Phoenix 0
BOTTOM OF THE 2ND
Phoenix Hotspur Reserves batting - Pitching for Bakersfield Nobles : RHP Victor Lustig
Batting: RHB Hieronymus Bosch 0-0: Foul Ball, location: 2F
0-1: Fly out, F9 (Flyball, 9LS)
Batting: RHB Satoshi Terada 0-0: SINGLE (Groundball, 6MD)
Batting: RHB Ryan Pollock 0-0: Ball
1-0: Called Strike
1-1: Grounds into double play, 1-4-3 (Groundball, 15S)
Bottom of the 2nd over - 0 runs, 1 hit, 0 errors, 0 left on base; Bakersfield 1 - Phoenix 0
TOP OF THE 3RD
Bakersfield Nobles batting - Pitching for Phoenix Hotspur Reserves : RHP Jorge Cruzan
Batting: RHB Kazuyoshi Yoshida 0-0: Swinging Strike
0-1: Foul Ball, location: 2F
0-2: SINGLE (Line Drive, 89S)
Batting: SHB Serious Lee 0-0: Ball
1-0: Ball
2-0: Fly out, F8 (Line Drive, 8LM)
Batting: LHB Ramón Félix 0-0: Ball
1-0: Foul Ball, location: 2F
1-1: Called Strike
1-2: Strikes out swinging
Batting: RHB Omer Yurtseven 0-0: Ball
1-0: Ground out 4-3 (Groundball, 4)
Top of the 3rd over - 0 runs, 1 hit, 0 errors, 1 left on base; Bakersfield 1 - Phoenix 0
BOTTOM OF THE 3RD
Phoenix Hotspur Reserves batting - Pitching for Bakersfield Nobles : RHP Victor Lustig
Batting: RHB Solomon Norment 0-0: Called Strike
0-1: Foul Ball, location: 2F
0-2: Ball
1-2: Ball
2-2: Foul Ball, location: 2F
2-2: Ball
3-2: Base on Balls
Batting: RHB Bernardo Rivera 0-0: Called Strike
Solomon Norment steals 2nd base
0-1: Ball
1-1: Ball
2-1: Swinging Strike
2-2: Foul Ball, location: 2F
2-2: Foul Ball, location: 2F
2-2: Ground out 4-3 (Groundball, 34)
Solomon Norment to third
Batting: RHB Francisco Arriagada 0-0: Called Strike
0-1: Ball
1-1: Ball
2-1: Foul Ball, location: 2F
2-2: Strikes out swinging
Batting: LHB Jason DeGeorge 0-0: Ball
1-0: 2-RUN HOME RUN (Flyball, 9D), Distance : 391 ft
Batting: RHB Dale Everest 0-0: Ball
1-0: Foul Ball, location: 2F
1-1: Foul Ball, location: 2F
1-2: Fly out, F6 (Line Drive, 6)
Bottom of the 3rd over - 2 runs, 1 hit, 0 errors, 0 left on base; Bakersfield 1 - Phoenix 2
TOP OF THE 4TH
Bakersfield Nobles batting - Pitching for Phoenix Hotspur Reserves : RHP Jorge Cruzan
Batting: RHB Robert O'Connor 0-0: Called Strike
0-1: Ball
1-1: Foul Ball, location: 2F
1-2: Foul Ball, location: 2F
1-2: Ball
2-2: Fly out, F9 (Flyball, 9LMF)
Batting: RHB Yosuke Hayashi 0-0: Ball
1-0: SINGLE (Groundball, 56D)
Batting: RHB Juan Tellado 0-0: Called Strike
0-1: Ball
1-1: Fly out, F8 (Flyball, 8LD)
Batting: RHB Mario Blanco 0-0: Foul Ball, location: 2F
0-1: Foul Ball, location: 2F
0-2: Ball
1-2: Ground out U3 (Groundball, 34S)
Top of the 4th over - 0 runs, 1 hit, 0 errors, 1 left on base; Bakersfield 1 - Phoenix 2
BOTTOM OF THE 4TH
Phoenix Hotspur Reserves batting - Pitching for Bakersfield Nobles : RHP Victor Lustig
Batting: RHB Alex Niemann 0-0: Ball
1-0: Ball
2-0: Foul Ball, location: 2F
2-1: Ball
3-1: Base on Balls
Batting: RHB Hieronymus Bosch 0-0: Fly out, F8 (Flyball, 8LS)
Batting: RHB Satoshi Terada 0-0: Called Strike
0-1: Ball
1-1: Foul Ball, location: 2F
1-2: Ball
2-2: Ball
3-2: Foul Ball, location: 2F
3-2: Fly out, F8 (Flyball, 8LM)
Batting: RHB Ryan Pollock 0-0: Called Strike
0-1: Foul Ball, location: 2F
0-2: Foul Ball, location: 2F
0-2: Ball
1-2: Ball
2-2: Ground out 5-3 (Groundball, 56S)
Bottom of the 4th over - 0 runs, 0 hits, 0 errors, 1 left on base; Bakersfield 1 - Phoenix 2
TOP OF THE 5TH
Bakersfield Nobles batting - Pitching for Phoenix Hotspur Reserves : RHP Jorge Cruzan
Batting: RHB Won-min Yi 0-0: Ball
1-0: Called Strike
1-1: Ground out 6-3 (Groundball, 6)
Batting: RHB Kazuyoshi Yoshida 0-0: Ball
1-0: Ball
2-0: Foul Ball, location: 2F
2-1: Ball
3-1: Foul Ball, location: 2F
3-2: Base on Balls
Batting: SHB Serious Lee 0-0: Reached on error, E3 (Groundball, 3)
Kazuyoshi Yoshida to second
Batting: LHB Ramón Félix 0-0: Ball
1-0: Grounds into double play, 4-6-3 (Groundball, 4)
Top of the 5th over - 0 runs, 0 hits, 1 error, 1 left on base; Bakersfield 1 - Phoenix 2
BOTTOM OF THE 5TH
Phoenix Hotspur Reserves batting - Pitching for Bakersfield Nobles : RHP Victor Lustig
Batting: RHB Solomon Norment 0-0: Called Strike
0-1: Called Strike
0-2: Strikes out swinging
Batting: RHB Bernardo Rivera 0-0: Ball
1-0: Called Strike
1-1: Foul Ball, location: 2F
1-2: Foul Ball, location: 2F
1-2: Ball
2-2: Foul Ball, location: 2F
2-2: Strikes out looking
Batting: RHB Francisco Arriagada 0-0: Foul Ball, location: 2F
0-1: Called Strike
0-2: Fly out, F9 (Flyball, 9LM)
Bottom of the 5th over - 0 runs, 0 hits, 0 errors, 0 left on base; Bakersfield 1 - Phoenix 2
TOP OF THE 6TH
Bakersfield Nobles batting - Pitching for Phoenix Hotspur Reserves : RHP Jorge Cruzan
Batting: RHB Omer Yurtseven 0-0: Fly out, F9 (Flyball, 9D)
Batting: RHB Robert O'Connor 0-0: Called Strike
0-1: Called Strike
0-2: Ball
1-2: Fly out, F7 (Flyball, 7S)
Batting: RHB Yosuke Hayashi 0-0: Ball
1-0: Called Strike
1-1: Fly out, F7 (Flyball, 7S)
Top of the 6th over - 0 runs, 0 hits, 0 errors, 0 left on base; Bakersfield 1 - Phoenix 2
BOTTOM OF THE 6TH
Phoenix Hotspur Reserves batting - Pitching for Bakersfield Nobles : RHP Victor Lustig
Batting: LHB Jason DeGeorge 0-0: Ball
1-0: Ground out 1-3 (Groundball, 13S)
Batting: RHB Dale Everest 0-0: Ball
1-0: Ball
2-0: Ball
3-0: Called Strike
3-1: Base on Balls
Batting: RHB Alex Niemann 0-0: Called Strike
0-1: Ball
1-1: Ball
2-1: Ball
3-1: Called Strike
3-2: Base on Balls
Dale Everest to second
Pitching: RHP Jorge Aguirre
Batting: RHB Hieronymus Bosch 0-0: Foul Ball, location: 2F
0-1: Ball
1-1: Foul Ball, location: 2F
1-2: Ball
2-2: Ball
3-2: Base on Balls
Dale Everest to third
Alex Niemann to second
Batting: RHB Satoshi Terada 0-0: Called Strike
0-1: Ball
1-1: Ball
2-1: Foul Ball, location: 2F
2-2: Foul Ball, location: 2F
2-2: Fly out, F9 (Line Drive, 9)
Runner from 3rd tags up, SCORES, no throw
Batting: RHB Ryan Pollock 0-0: Ball
1-0: Swinging Strike
1-1: Ball
2-1: Ball
3-1: Fly out, F8 (Flyball, 8LD)
Bottom of the 6th over - 1 run, 0 hits, 0 errors, 2 left on base; Bakersfield 1 - Phoenix 3
TOP OF THE 7TH
Bakersfield Nobles batting - Pitching for Phoenix Hotspur Reserves : RHP Jorge Cruzan
Batting: RHB Juan Tellado 0-0: Fly out, F8 (Line Drive, 78M)
Batting: RHB Mario Blanco 0-0: Called Strike
0-1: Called Strike
0-2: Strikes out looking
Batting: RHB Won-min Yi 0-0: Called Strike
0-1: Ball
1-1: Foul Ball, location: 2F
1-2: Ball
2-2: Foul Ball, location: 2F
2-2: Strikes out swinging
Top of the 7th over - 0 runs, 0 hits, 0 errors, 0 left on base; Bakersfield 1 - Phoenix 3
BOTTOM OF THE 7TH
Phoenix Hotspur Reserves batting - Pitching for Bakersfield Nobles : RHP Jorge Aguirre
Batting: RHB Solomon Norment 0-0: Ball
1-0: Foul Ball, location: 2F
1-1: Ball
2-1: Swinging Strike
2-2: Foul Ball, location: 2F
2-2: Strikes out swinging
Batting: RHB Bernardo Rivera 0-0: Ball
1-0: Ball
2-0: Called Strike
2-1: SINGLE (Groundball, 34S) (infield hit)
Batting: RHB Francisco Arriagada 0-0: Called Strike
0-1: Called Strike
0-2: Ball
1-2: Ball
2-2: Foul Ball, location: 2F
2-2: Fielders Choice at 2nd, 5-4 (Groundball, 56)
Pitching: RHP Tim Nesheim
Batting: LHB Jason DeGeorge 0-0: Ball
1-0: Called Strike
1-1: Ball
2-1: Foul Ball, location: 2F
2-2: Ball
Francisco Arriagada steals 2nd base
3-2: SINGLE (Line Drive, 6)
Francisco Arriagada to third
Francisco Arriagada scores
Batting: RHB Dale Everest 0-0: Ball
Jason DeGeorge is caught stealing 2nd base
Bottom of the 7th over - 1 run, 2 hits, 0 errors, 0 left on base; Bakersfield 1 - Phoenix 4
TOP OF THE 8TH
Bakersfield Nobles batting - Pitching for Phoenix Hotspur Reserves : RHP Jorge Cruzan
Now in RF: Jesús González
Batting: RHB Kazuyoshi Yoshida 0-0: Ball
1-0: Ball
2-0: Ball
3-0: Called Strike
3-1: Base on Balls
Batting: SHB Serious Lee 0-0: Ball
1-0: Ball
2-0: Fly out, F8 (Flyball, 8RM)
Batting: LHB Ramón Félix 0-0: Called Strike
0-1: Called Strike
0-2: Ball
1-2: Foul Ball, location: 2F
1-2: Foul Ball, location: 2F
1-2: Fly out, F8 (Flyball, 8RD)
Batting: RHB Omer Yurtseven 0-0: Foul Ball, location: 2F
0-1: Swinging Strike
0-2: Ball
1-2: Ball
2-2: Fly out, F7 (Flyball, 7LD)
Top of the 8th over - 0 runs, 0 hits, 0 errors, 1 left on base; Bakersfield 1 - Phoenix 4
BOTTOM OF THE 8TH
Phoenix Hotspur Reserves batting - Pitching for Bakersfield Nobles : RHP Tim Nesheim
Batting: RHB Dale Everest 0-0: Ball
1-0: Called Strike
1-1: Ground out 5-3 (Groundball, 56S)
Batting: RHB Alex Niemann 0-0: Ball
1-0: Fly out, F9 (Flyball, 9LD)
Batting: RHB Hieronymus Bosch 0-0: Called Strike
0-1: Ball
1-1: Fly out, F8 (Line Drive, 8LS)
Bottom of the 8th over - 0 runs, 0 hits, 0 errors, 0 left on base; Bakersfield 1 - Phoenix 4
TOP OF THE 9TH
Bakersfield Nobles batting - Pitching for Phoenix Hotspur Reserves : RHP Jorge Cruzan
Pitching: RHP Dennis Dunn
Batting: RHB Robert O'Connor 0-0: Fly out, F9 (Flyball, 9LSF)
Batting: RHB Yosuke Hayashi 0-0: Ball
1-0: Called Strike
1-1: Swinging Strike
1-2: Ball
2-2: Strikes out swinging
Batting: RHB Juan Tellado 0-0: Called Strike
0-1: Called Strike
0-2: Ball
1-2: Ball
2-2: Strikes out looking
Top of the 9th over - 0 runs, 0 hits, 0 errors, 0 left on base; Bakersfield 1 - Phoenix 4
Tuesday, June 12th, 2018 - OOTP Baseball 18.8 Build 76